 Dungeon Crawl Stone Soup version 0.20-a0-513-g02c11fc (webtiles) character file.

119 Asddderdsw the Firebug (level 4, 0/34 HPs)
             Began as a Draconian Fire Elementalist on Jan 23, 2017.
             Slain by an adder (2 damage)
             ... on level 3 of the Dungeon.
             The game lasted 00:14:07 (2065 turns).

Asddderdsw the Firebug (DrFE)                       Turns: 2065, Time: 00:14:07

Health: 0/34       AC:  5    Str: 15    XL:     4   Next: 73%
Magic:  5/7        EV: 12    Int: 16    God:
Gold:   126        SH:  0    Dex: 12    Spells: 1/7 levels left

rFire    . . .     SeeInvis .   C - +0 mace
rCold    . . .     Gourm    .   (armour unavailable)
rNeg     . . .     Faith    .   (no shield)
rPois    .         Spirit   .   (helmet restricted)
rElec    .         Reflect  .   (no cloak)
rCorr    .         Harm     .   (no gloves)
MR       .....                  (no boots)
Stlth    ++........             (no amulet)
Regen    0.2/turn               (no ring)
                                (no ring)

@: mighty, very slightly contaminated
A: unfitting armour, cold-blooded, AC +5
a: no special abilities


You were on level 3 of the Dungeon.
You were not hungry.

You visited 1 branch of the dungeon, and saw 3 of its levels.

You collected 126 gold pieces.

Inventory:

Hand Weapons
 d - a +0 club
 h - a +2 short sword of speed
 l - a +0 hunting sling
 C - a +0 mace (weapon)
Missiles
 o - 68 arrows
 p - 74 stones (quivered)
 y - 10 poisoned needles
Scrolls
 c - a scroll of fear {unknown}
 j - a scroll of recharging {unknown}
 k - 5 scrolls of identify {unknown}
 m - 5 scrolls of remove curse {unknown}
 n - 2 scrolls of amnesia {unknown}
 q - a scroll of enchant armour {unknown}
 u - a scroll of random uselessness {unknown}
 x - a scroll of blinking {unknown}
Potions
 e - a potion of heal wounds {unknown}
 f - a potion of brilliance {unknown}
 g - a potion of agility {unknown}
 i - a potion of invisibility {unknown}
 r - a potion of flight {unknown}
 w - a potion of haste
 z - a potion of resistance {unknown}
Books
 a - a book of Flames

   Spells                             Type                      Level
   a - Flame Tongue                   Conjuration/Fire             1
   b - Throw Flame                    Conjuration/Fire             2
   c - Conjure Flame                  Conjuration/Fire             3
   d - Inner Flame                    Hexes/Fire                   3
   e - Sticky Flame                   Conjuration/Fire             4
   f - Fireball                       Conjuration/Fire             5
Comestibles
 b - 5 bread rations
 s - a fruit
 v - 4 royal jellies
 A - a chunk of flesh
 B - a meat ration


   Skills:
 + Level 0.4 Fighting
 + Level 1.4 Maces & Flails
 + Level 2.4 Dodging
 + Level 2.4 Stealth
 + Level 2.3 Spellcasting
 + Level 1.6 Conjurations
 + Level 3.8 Fire Magic


You had one spell level left.
You knew the following spells:

 Your Spells              Type           Power        Failure   Level  Hunger
a - Flame Tongue          Conj/Fire      ##...        10%         1    #......
b - Throw Flame           Conj/Fire      ##....       12%         2    ###....
c - Conjure Flame         Conj/Fire      ##......     21%         3    ###....


Dungeon Overview and Level Annotations

Branches:
Dungeon (3/15)

Altars:
Uskayaw


Innate Abilities, Weirdness & Mutations

Your plain brown scales are hard. (AC +5)
You cannot fit into any form of body armour.
You are cold-blooded and may be slowed by cold attacks.


Message History

You kill the hobgoblin!
The adder barely misses you.
You thump the adder!
You kill the adder!
The adder bites you.
* * * LOW HITPOINT WARNING * * *
You closely miss the adder. The adder barely misses you.
You hit the adder.
Your tail-slap misses the adder.
The adder is lightly wounded.
The adder closely misses you. The adder bites you.
* * * LOW HITPOINT WARNING * * *
You thump the adder!
The adder is almost dead.
The adder closely misses you. The adder bites you.
* * * LOW HITPOINT WARNING * * *
You barely miss the adder.
The adder is almost dead.
The bat hits you but does no damage. The adder bites you but does no damage.
The adder bites you.
You die...

#.#.# #......# # #....
#......# #### #.#
#......#####...
####..###......#.......
.....#........#)......
..b.#........#.......
#..#.......S.....≈..
#..†#.........≈≈≈≈..
#.#@#..........≈≈≈≈≈ #
#S#..........≈≈≈≈≈
#..###.####..≈≈≈≈≈
##.###.# #≈≈≈≈≈.♣
#..##.####..≈≈≈._
##.##....S..≈≈≈≈♣
######.##.###...≈≈≈≈≈
#.........S# ##≈.≈≈≈≈≈
#.#####.#..# #..≈≈≈≈≈


You could see an adder and a bat.

Vanquished Creatures
  An orc wizard (D:3)
  3 adders
  2 worms (D:2)
  A leopard gecko (D:2)
  4 orcs (D:3)
  8 bats
  2 giant cockroaches
  5 goblins
  6 hobgoblins
  3 jackals (D:2)
  A quokka (D:2)
  3 frilled lizards
  5 kobolds
  7 rats
51 creatures vanquished.

Notes
Turn   | Place    | Note
-------+----------+-------------------------------------------
     0 | D:1      | Asddderdsw the Draconian Fire Elementalist began the quest for the Orb.
     0 | D:1      | Reached XP level 1. HP: 14/14 MP: 3/3
   220 | D:1      | Reached XP level 2. HP: 15/20 MP: 3/5
   962 | D:2      | Reached XP level 3. HP: 19/26 MP: 0/6
   975 | D:2      | Learned a level 2 spell: Throw Flame
   979 | D:2      | Learned a level 3 spell: Conjure Flame
  1584 | D:3      | Found a hide-covered altar of Uskayaw.
  1584 | D:3      | Noticed a dagger
  1584 | D:3      | Noticed a dagger
  1753 | D:3      | Found a faded altar of an unknown god.
  1765 | D:3      | Reached XP level 4. HP: 33/33 MP: 3/7
  1980 | D:3      | Reached skill level 1 in Maces & Flails
  2064 | D:3      | HP: 1/34 [adder (4)]
  2065 | D:3      | Slain by an adder

Vault maps used:
D:1:      minmay_arrival_five_plusses, serial_bayou_pond_e
D:2:      makhleb_grotto_becter, first_bread
D:3:      dancing_weapons_uskayaw, chequers_ecumenical_altar_island

Skill      XL: |  1  2  3  4 |
---------------+-------------+-----
Dodging        | 2 |  2.4
Stealth        | 2 |  2.4
Maces & Flails | 1 |  1.4
Fighting       | |  0.4
Spellcasting   | |  2.3
Conjurations   | |  1.6
Fire Magic     | |  3.8

Action                   |  1- 3 |  4- 6 || total
-------------------------+-------+-------++-------
Melee: Club              |    82 |     6 ||    88
       Tailslap          |     6 |     2 ||     8
       Mace              |       |    23 ||    23
 Cast: Flame Tongue      |    45 |     5 ||    50
       Conjure Flame     |       |     1 ||     1
  Use: Potion            |       |     2 ||     2
 Stab: Sleeping          |     2 |       ||     2
  Eat: Chunk             |     3 |     2 ||     5
Armor: Skin              |    40 |    10 ||    50
Dodge: Dodged            |    92 |    27 ||   119
